[Event "Netanya Open 2019"]
[Site "Netanya"]
[Date "2019.07.02"]
[Round "9.15"]
[White "Globus, Or"]
[Black "Zoler, Dan"]
[Result "1/2-1/2"]
[ECO "A50"]
[WhiteElo "2352"]
[BlackElo "2499"]
[Annotator "ChessBase"]
[PlyCount "107"]
[EventDate "2019.06.23"]
[EventType "swiss"]
[EventCountry "ISR"]
[SourceTitle "playchess.com"]
[Source "ChessBase"]
[SourceQuality "1"]
[TimeControl "40/5400+30:1800+30"]

1. d4 Nf6 2. c4 b6 3. Nf3 Bb7 4. g3 g6 5. Bg2 Bg7 6. O-O O-O 7. Bf4 c5 8. d5 b5 9. Re1 bxc4 10. Nc3 Nh5 11. Bg5 d6 12. e4 Nd7 13. g4 Nhf6 14. e5 dxe5 15. Nxe5 Nxe5 16. Rxe5 h6 17. Bh4 g5 18. Bg3 Ne8 19. Re3 Nd6 20. Qe2 Bf6 21. Re1 Ba6 22. h4 Rb8 23. hxg5 hxg5 24. Be5 Kg7 25. Rh3 Rh8 26. Rxh8 Qxh8 27. Bxf6+ exf6 28. Na4 Re8 29. Qd2 Bb5 30. Nxc5 Rxe1+ 31. Qxe1 Qc8 32. Qe3 Bd7 33. f3 Qc7 34. Bf1 Bc8 35. b4 Qb6 36. a3 Bb7 37. Qd4 Qc7 38. Kg2 Qe7 39. Nxb7 Qxb7 40. Bxc4 Qc7 41. Be2 Qb8 42. a4 Qe8 43. Bd1 Qe1 44. b5 Kg8 45. Bc2 Qe2+ 46. Qf2 Qc4 47. Qd2 Qc5 48. Bd3 Kf8 49. Be2 Ke7 50. a5 Kd7 51. Qb2 f5 52. Qe5 fxg4 53. fxg4 Qb4 54. b6 1/2-1/2

[Event "Netanya Open 2019"]
[Site "Netanya"]
[Date "2019.07.02"]
[Round "9.16"]
[White "Bar, Roman"]
[Black "Rozen, Eytan"]
[Result "1-0"]
[ECO "A25"]
[WhiteElo "2497"]
[BlackElo "2317"]
[Annotator "ChessBase"]
[PlyCount "103"]
[EventDate "2019.06.23"]
[EventType "swiss"]
[EventCountry "ISR"]
[SourceTitle "playchess.com"]
[Source "ChessBase"]
[SourceQuality "1"]
[TimeControl "40/5400+30:1800+30"]

1. c4 e5 2. g3 Nc6 3. Bg2 g6 4. Nc3 Bg7 5. d3 Nge7 6. e3 d6 7. Nge2 O-O 8. O-O Be6 9. Nd5 Rb8 10. Rb1 b5 11. Bd2 bxc4 12. dxc4 Bf5 13. e4 Bg4 14. f3 Bd7 15. Bg5 f6 16. Be3 f5 17. Qd2 Nxd5 18. cxd5 Ne7 19. Rfd1 Rb7 20. b3 Qb8 21. Rbc1 Qa8 22. Qa5 Qb8 23. Rc2 Bb5 24. Nc3 c5 25. Nb1 Bd7 26. Na3 Nc8 27. Qd2 a5 28. Nc4 a4 29. Na5 axb3 30. axb3 Rb5 31. Bf1 Rb6 32. Bg5 Rb4 33. Bc4 Nb6 34. Nc6 Nxc4 35. bxc4 Bxc6 36. dxc6 fxe4 37. fxe4 Rb1 38. Rxb1 Qxb1+ 39. Rc1 Qxe4 40. Qd5+ Qxd5 41. cxd5 Rc8 42. Rb1 h6 43. Be7 Bf8 44. Rb7 c4 45. Kf2 c3 46. Ke2 e4 47. Bxf8 Kxf8 48. Rh7 Kg8 49. Rd7 Kf8 50. c7 Ke8 51. Rh7 h5 52. h4 1-0

[Event "Netanya Open 2019"]
[Site "Netanya"]
[Date "2019.07.02"]
[Round "9.17"]
[White "Tzidkiya, Yeshaayahu"]
[Black "Khmelniker, Ilya"]
[Result "0-1"]
[ECO "C54"]
[WhiteElo "2265"]
[BlackElo "2483"]
[Annotator "ChessBase"]
[PlyCount "100"]
[EventDate "2019.06.23"]
[EventType "swiss"]
[EventCountry "ISR"]
[SourceTitle "playchess.com"]
[Source "ChessBase"]
[SourceQuality "1"]
[TimeControl "40/5400+30:1800+30"]

1. e4 e5 2. Nf3 Nc6 3. Bc4 Bc5 4. c3 Nf6 5. d3 d6 6. Bb3 a6 7. Nbd2 Ba7 8. h3 h6 9. Nf1 d5 10. Qe2 Be6 11. exd5 Nxd5 12. Nxe5 Nxe5 13. Qxe5 O-O 14. Ng3 Nb4 15. cxb4 Bxb3 16. O-O Bd4 17. Qf4 Be6 18. Nf5 Bxf5 19. Qxf5 Re8 20. Rb1 c6 21. Qg4 Re6 22. Bd2 Qd5 23. b3 h5 24. Qf4 Re2 25. Rbe1 g5 26. Qxg5+ Qxg5 27. Bxg5 Bxf2+ 28. Rxf2 Rxe1+ 29. Kh2 Rae8 30. Bf6 R1e2 31. Rf5 R8e6 32. a4 Kh7 33. Bd4 Kg6 34. Rf3 f6 35. Rg3+ Kf7 36. Rf3 Rd2 37. Bc3 Rd1 38. Bb2 Rd6 39. Be5 Re6 40. Bb2 Rb1 41. Rf2 Kg6 42. h4 Rd1 43. Rf3 Rd6 44. d4 Re6 45. a5 Rb1 46. Rf2 f5 47. Rd2 f4 48. d5 Ree1 49. g4 hxg4 50. d6 Red1 0-1

[Event "Netanya Open 2019"]
[Site "Netanya"]
[Date "2019.07.02"]
[Round "9.18"]
[White "Flom, Gabriel"]
[Black "Aharon, Ofir"]
[Result "1-0"]
[ECO "D90"]
[WhiteElo "2480"]
[BlackElo "2302"]
[Annotator "ChessBase"]
[PlyCount "73"]
[EventDate "2019.06.23"]
[EventType "swiss"]
[EventCountry "ISR"]
[SourceTitle "playchess.com"]
[Source "ChessBase"]
[SourceQuality "1"]
[TimeControl "40/5400+30:1800+30"]

1. d4 Nf6 2. c4 g6 3. Nc3 d5 4. Nf3 Bg7 5. h4 c6 6. Bg5 h6 7. Bxf6 Bxf6 8. e3 O-O 9. Be2 Qa5 10. Qc2 Na6 11. a3 Bf5 12. Qc1 dxc4 13. Bxc4 Bg4 14. b4 Qh5 15. Ne2 Bxf3 16. Ng3 Qg4 17. gxf3 Qxf3 18. Qc2 e6 19. h5 g5 20. Qd3 Rfd8 21. Bxa6 bxa6 22. Qe4 Qxe4 23. Nxe4 Be7 24. Ke2 a5 25. bxa5 Rd5 26. Rhc1 Rxa5 27. Rxc6 Rxa3 28. Rb1 Bd8 29. Rb7 Ra2+ 30. Kf1 Bb6 31. d5 exd5 32. Nf6+ Kg7 33. Nxd5 Rd8 34. Rf6 Rf8 35. Rg6+ Kh8 36. Nf6 Bxe3 37. fxe3 1-0

[Event "Netanya Open 2019"]
[Site "Netanya"]
[Date "2019.07.02"]
[Round "9.19"]
[White "Yaniv, Yuval"]
[Black "Abergel, Thal"]
[Result "0-1"]
[ECO "A13"]
[WhiteElo "2120"]
[BlackElo "2450"]
[Annotator "ChessBase"]
[PlyCount "96"]
[EventDate "2019.06.23"]
[EventType "swiss"]
[EventCountry "ISR"]
[SourceTitle "playchess.com"]
[Source "ChessBase"]
[SourceQuality "1"]
[TimeControl "40/5400+30:1800+30"]

1. Nf3 Nf6 2. c4 b6 3. g3 Bb7 4. Bg2 e6 5. O-O d5 6. b3 d4 7. Bb2 c5 8. e3 dxe3 9. fxe3 Be7 10. Ne5 Qc8 11. Bxb7 Qxb7 12. Nc3 O-O 13. g4 Nbd7 14. Nxd7 Nxd7 15. Ne2 Bf6 16. Bxf6 Nxf6 17. Ng3 Nd7 18. d4 Rad8 19. Qc2 b5 20. Ne4 cxd4 21. exd4 bxc4 22. Ng5 g6 23. bxc4 Nb6 24. Rf4 Qe7 25. Ne4 f5 26. gxf5 exf5 27. Ng3 Qc7 28. Raf1 Qxc4 29. Qf2 Nd5 30. Rh4 Rde8 31. Rb1 f4 32. Nf1 Nc3 33. Rb7 Ne2+ 34. Kg2 Rf7 35. Rxf7 Qxf7 36. Rh3 Qd5+ 37. Qf3 Qxd4 38. Qb3+ Kh8 39. Rxh7+ Kxh7 40. Qf7+ Kh6 41. Qxe8 Qg1+ 42. Kf3 Qxf1+ 43. Ke4 Ng3+ 44. Kd5 Qd3+ 45. Kc5 Ne4+ 46. Kb4 Qd4+ 47. Ka5 Qb6+ 48. Ka4 Qb5+ 0-1

[Event "Netanya Open 2019"]
[Site "Netanya"]
[Date "2019.07.02"]
[Round "9.20"]
[White "Veinberg, Nimrod"]
[Black "Prraneeth Vuppala"]
[Result "1-0"]
[ECO "E34"]
[WhiteElo "2401"]
[BlackElo "2264"]
[Annotator "NA"]
[PlyCount "51"]
[EventDate "2019.06.23"]
[EventType "swiss"]
[EventCountry "ISR"]
[SourceTitle "playchess.com"]
[Source "ChessBase"]
[SourceQuality "1"]
[TimeControl "40/5400+30:1800+30"]

1. d4 Nf6 2. c4 e6 3. Nc3 Bb4 4. Qc2 d5 5. cxd5 Qxd5 6. e3 c5 7. a3 Bxc3+ 8. bxc3 O-O 9. Nf3 b6 10. c4 Qd8 11. Bb2 cxd4 12. exd4 Bb7 13. Bd3 Nc6 14. O-O Rc8 15. Qe2 Qd6 16. Qe3 Ng4 17. Qg5 f5 18. d5 Nce5 19. Nxe5 Nxe5 20. Rae1 h6 21. Qg3 f4 22. Bxe5 Qxe5 23. Qg6 Qg5 24. Qh7+ Kf7 25. Rxe6 Rg8 26. Rfe1 1-0

[Event "Netanya Open 2019"]
[Site "Netanya"]
[Date "2019.07.02"]
[Round "9.21"]
[White "Birnboim, Nathan"]
[Black "Cohen Revivo, Shoham"]
[Result "1-0"]
[ECO "C07"]
[WhiteElo "2379"]
[BlackElo "2240"]
[Annotator "NA"]
[PlyCount "65"]
[EventDate "2019.06.23"]
[EventType "swiss"]
[EventCountry "ISR"]
[SourceTitle "playchess.com"]
[Source "ChessBase"]
[SourceQuality "1"]
[TimeControl "40/5400+30:1800+30"]

1. e4 e6 2. d4 d5 3. Nd2 c5 4. exd5 Qxd5 5. Ngf3 cxd4 6. Bc4 Qd7 7. O-O Nf6 8. Nb3 Nc6 9. Qe2 a6 10. Rd1 b5 11. Bd3 Bd6 12. Bg5 Qc7 13. Bxf6 gxf6 14. Be4 Bb7 15. a4 b4 16. Nbxd4 Nxd4 17. Rxd4 Rd8 18. Bxb7 Qxb7 19. Rad1 Be7 20. Rxd8+ Bxd8 21. Rd4 Be7 22. Qd3 e5 23. Rd5 Qc6 24. b3 Qe6 25. Nh4 e4 26. Qd1 O-O 27. Nf5 Kh8 28. g4 Rc8 29. Qd4 Rg8 30. h3 Bf8 31. Kf1 h5 32. Rd8 Be7 33. Qe3 1-0

[Event "Netanya Open 2019"]
[Site "Netanya"]
[Date "2019.07.02"]
[Round "9.22"]
[White "Kogan, Arthur"]
[Black "Parligras, Cosmin"]
[Result "1/2-1/2"]
[ECO "C41"]
[WhiteElo "2535"]
[BlackElo "2198"]
[Annotator "ChessBase"]
[PlyCount "143"]
[EventDate "2019.06.23"]
[EventType "swiss"]
[EventCountry "ISR"]
[SourceTitle "playchess.com"]
[Source "ChessBase"]
[SourceQuality "1"]
[TimeControl "40/5400+30:1800+30"]

1. d4 d6 2. e4 Nf6 3. Nc3 e5 4. Nf3 Nbd7 5. Bc4 Be7 6. a4 c6 7. a5 O-O 8. O-O Nxe4 9. Nxe4 d5 10. a6 exd4 11. axb7 Bxb7 12. Bxd5 cxd5 13. Ng3 d3 14. Qxd3 Nc5 15. Qd1 Ne6 16. Be3 a5 17. Nd4 Qd7 18. Re1 Bc6 19. c3 g6 20. Nf1 Bf6 21. Nxe6 fxe6 22. Bd4 Rab8 23. Bxf6 Rxf6 24. Qd4 Rbf8 25. f3 a4 26. Ne3 h5 27. Nc2 Rf5 28. Re3 Qd6 29. Rae1 Bd7 30. Re5 Rxe5 31. Rxe5 Rb8 32. c4 Qb6 33. cxd5 exd5 34. Re2 Qxd4+ 35. Nxd4 Rb4 36. Rd2 Kf7 37. h4 Bb5 38. Kf2 Kf6 39. Ke3 Ke5 40. g4 hxg4 41. fxg4 Bd7 42. g5 Be8 43. Nf3+ Kd6 44. Nd4 Ke5 45. Nf3+ Kd6 46. Rf2 Rb3+ 47. Kf4 Rb4+ 48. Kg3 Rb3 49. Re2 Bb5 50. Rd2 Bd7 51. Kf4 Rb4+ 52. Nd4 Kc5 53. Ke5 Bg4 54. Ne6+ Bxe6 55. Kxe6 Re4+ 56. Kf6 Rxh4 57. Kxg6 Rh3 58. Kf5 a3 59. bxa3 Rxa3 60. Rg2 Ra8 61. g6 d4 62. Ke5 Re8+ 63. Kf6 d3 64. g7 Kc4 65. Rg4+ Kc3 66. Kf7 Rb8 67. Rg3 Kc2 68. Re3 d2 69. Re2 Rb7+ 70. Kf6 Rxg7 71. Rxd2+ Kxd2 72. Kxg7 1/2-1/2

[Event "Netanya Open 2019"]
[Site "Netanya"]
[Date "2019.07.02"]
[Round "9.23"]
[White "Lahav, Michal"]
[Black "Greenfeld, Alon"]
[Result "0-1"]
[ECO "B51"]
[WhiteElo "2178"]
[BlackElo "2513"]
[Annotator "ChessBase"]
[PlyCount "88"]
[EventDate "2019.06.23"]
[EventType "swiss"]
[EventCountry "ISR"]
[SourceTitle "playchess.com"]
[Source "ChessBase"]
[SourceQuality "1"]
[TimeControl "40/5400+30:1800+30"]

1. e4 c5 2. Nf3 d6 3. Bb5+ Nd7 4. O-O a6 5. Bd3 Ngf6 6. c3 e5 7. Bc2 c4 8. Qe2 b5 9. a4 Bb7 10. axb5 axb5 11. Rxa8 Qxa8 12. Na3 Bxe4 13. Nxb5 Qb7 14. Bxe4 Qxe4 15. Qd1 Qc6 16. Na3 d5 17. d3 Bxa3 18. bxa3 cxd3 19. Qxd3 O-O 20. h3 Rc8 21. Qe3 Ne4 22. Bb2 f6 23. Rd1 Nb6 24. Nd2 Nd6 25. Qf3 Na4 26. Ba1 Nc5 27. Rb1 e4 28. Qg4 Qd7 29. Qh5 Qf7 30. Qg4 Nd3 31. c4 h5 32. Qe2 Qg6 33. cxd5 Nf4 34. Qf1 Rc2 35. Rd1 Nxh3+ 36. Kh2 Nf4 37. g3 Nxd5 38. Qa6 Qf5 39. Bd4 e3 40. Qxd6 Rxd2 41. Rxd2 exd2 42. Qb8+ Kh7 43. Qb3 Nf4 44. gxf4 Qxf4+ 0-1

[Event "Netanya Open 2019"]
[Site "Netanya"]
[Date "2019.07.02"]
[Round "9.24"]
[White "Iliaguev, Nisim"]
[Black "Streltsov, Alexey"]
[Result "1/2-1/2"]
[ECO "D79"]
[WhiteElo "2357"]
[BlackElo "2177"]
[Annotator "NA"]
[PlyCount "110"]
[EventDate "2019.06.23"]
[EventType "swiss"]
[EventCountry "ISR"]
[SourceTitle "playchess.com"]
[Source "ChessBase"]
[SourceQuality "1"]
[TimeControl "40/5400+30:1800+30"]

1. d4 Nf6 2. Nf3 g6 3. g3 d5 4. c4 c6 5. cxd5 cxd5 6. Bg2 Bg7 7. Nc3 O-O 8. Ne5 Bf5 9. O-O Ne4 10. Qb3 Nc6 11. Rd1 Nxc3 12. bxc3 Nxe5 13. dxe5 Qc7 14. Bxd5 Qxe5 15. Be3 Qxc3 16. Qxc3 Bxc3 17. Rac1 Ba5 18. Bxb7 Rab8 19. Bd5 a6 20. Bb3 Bb4 21. Rc7 Rfc8 22. Rdc1 Bd6 23. R7c6 Ba3 24. R1c4 a5 25. f3 Bb4 26. Ra6 Kg7 27. Bd4+ f6 28. g4 Rxc4 29. Bxc4 Bc8 30. Ra7 Rb7 31. Ra8 Rc7 32. Bb3 Bc5 33. Bxc5 Rxc5 34. Kf2 g5 35. Ke3 Re5+ 36. Kd4 Be6 37. Bxe6 Rxe6 38. e4 Re5 39. a4 h5 40. gxh5 Kh6 41. Rh8+ Kg7 42. Rd8 Re6 43. Kc5 g4 44. fxg4 Rxe4 45. Rd4 Re2 46. Kb5 Rxh2 47. Re4 f5 48. gxf5 Rxh5 49. Rxe7+ Kf6 50. Re6+ Kxf5 51. Re8 Kf6+ 52. Kb6 Kf7 53. Re1 Kf6 54. Re4 Kf7 55. Re3 Kf8 1/2-1/2

[Event "Netanya Open 2019"]
[Site "Netanya"]
[Date "2019.07.02"]
[Round "9.25"]
[White "Gorodetzky, Matan"]
[Black "Gleizer, Mark"]
[Result "1-0"]
[ECO "C42"]
[WhiteElo "2303"]
[BlackElo "2173"]
[Annotator "NA"]
[PlyCount "81"]
[EventDate "2019.06.23"]
[EventType "swiss"]
[EventCountry "ISR"]
[SourceTitle "playchess.com"]
[Source "ChessBase"]
[SourceQuality "1"]
[TimeControl "40/5400+30:1800+30"]

1. e4 e5 2. Nf3 Nf6 3. Nxe5 d6 4. Nf3 Nxe4 5. Bd3 d5 6. Qe2 Qe7 7. O-O Nc5 8. Re1 Qxe2 9. Bxe2 c6 10. c4 dxc4 11. Bxc4+ Be6 12. b4 Be7 13. bxc5 Bxc4 14. d4 h6 15. Nbd2 Be6 16. Rb1 b5 17. cxb6 axb6 18. Rxb6 O-O 19. Ne4 Bxa2 20. Bf4 Bd5 21. Nc3 Bxf3 22. Rxe7 Bh5 23. f3 Na6 24. Ne4 Rfd8 25. Nd6 c5 26. Re5 g5 27. dxc5 Nc7 28. Bg3 Ra1+ 29. Re1 Rxe1+ 30. Bxe1 Bg6 31. Bg3 Nd5 32. Rb2 Ra8 33. c6 Ra1+ 34. Kf2 Rc1 35. Rb8+ Kh7 36. Be5 f6 37. Bxf6 Bd3 38. Rh8+ Kg6 39. Be5 Ne7 40. g4 Nxc6 41. Rg8+ {[%emt 0:31:15] Ne7 Re8 Rc7 Ke3 Bc4 Nf5 Nd5+ Nd6 Ne7 Ke4} 1-0

[Event "Netanya Open 2019"]
[Site "Netanya"]
[Date "2019.07.02"]
[Round "9.26"]
[White "Friedland, Moshe"]
[Black "Kochavi, Ori"]
[Result "1-0"]
[ECO "B15"]
[WhiteElo "2298"]
[BlackElo "2152"]
[Annotator "NA"]
[PlyCount "81"]
[EventDate "2019.06.23"]
[EventType "swiss"]
[EventCountry "ISR"]
[SourceTitle "playchess.com"]
[Source "ChessBase"]
[SourceQuality "1"]
[TimeControl "40/5400+30:1800+30"]

1. e4 c6 2. d4 d5 3. Nd2 dxe4 4. Nxe4 Nf6 5. Nxf6+ exf6 6. c3 Bd6 7. Bd3 O-O 8. Qc2 Re8+ 9. Ne2 h5 10. O-O h4 11. Bf4 Rxe2 12. Qxe2 Bxf4 13. Qe4 Bh6 14. Qh7+ Kf8 15. Rae1 Be6 16. f4 f5 17. Bxf5 Nd7 18. Bxe6 fxe6 19. f5 Nf6 20. fxe6 Ke7 21. Rxf6 Kxf6 22. Rf1+ Kxe6 23. Qf5+ Kd6 24. Qe5+ Kd7 25. Rf7+ Kc8 26. Qf5+ Kb8 27. Rf8 Kc7 28. Qa5+ Kd7 29. Rxd8+ Rxd8 30. Qxa7 Kc8 31. Qa8+ Kc7 32. Qa5+ Kc8 33. Qf5+ Kb8 34. Qe5+ Kc8 35. Qe6+ Rd7 36. a4 Kd8 37. Qg4 Be3+ 38. Kf1 g5 39. Ke2 Re7 40. Kd3 Kc7 41. Qe2 1-0

[Event "Netanya Open 2019"]
[Site "Netanya"]
[Date "2019.07.02"]
[Round "9.27"]
[White "Tifferet, Shaked"]
[Black "Itzhaky, Shmuel"]
[Result "1/2-1/2"]
[ECO "E04"]
[WhiteElo "2249"]
[BlackElo "2130"]
[Annotator "NA"]
[PlyCount "113"]
[EventDate "2019.06.23"]
[EventType "swiss"]
[EventCountry "ISR"]
[SourceTitle "playchess.com"]
[Source "ChessBase"]
[SourceQuality "1"]
[TimeControl "40/5400+30:1800+30"]

1. d4 d5 2. c4 e6 3. g3 dxc4 4. Bg2 c5 5. Nf3 Nc6 6. O-O Nf6 7. Qa4 Bd7 8. Qxc4 cxd4 9. Nxd4 Rc8 10. Nc3 Nxd4 11. Qxd4 Bc5 12. Qd3 Bc6 13. Qxd8+ Kxd8 14. Bg5 h6 15. Bxf6+ gxf6 16. Ne4 Bxe4 17. Bxe4 f5 18. Rfd1+ Ke7 19. Bxb7 Rb8 20. Bc6 Rxb2 21. Rd7+ Kf6 22. Bf3 Re8 23. a4 Re7 24. Rd8 Bb6 25. Rg8 Rd7 26. Kg2 Rd8 27. Rxd8 Bxd8 28. Rd1 Bb6 29. Bh5 Rc2 30. f4 Ke7 31. Ra1 Ba5 32. Rb1 Bb6 33. Rb4 Rd2 34. Rb3 Ra2 35. Rb4 Rd2 36. Rc4 Rd4 37. Rc8 Rd8 38. Rc2 Rd4 39. Ra2 Ba5 40. Kh3 Rc4 41. Bf3 Kf6 42. Bb7 Kg6 43. Ba6 Rd4 44. Bb5 Rd2 45. Ra1 Rc2 46. Rd1 Rd2 47. Rc1 Bb6 48. Bd3 Ra2 49. Rc4 Kf6 50. Bc2 Kg7 51. Rc8 Kf6 52. Rc4 Kg7 53. Bd3 Kf6 54. Rb4 Bc5 55. Rc4 Bb6 56. Kg2 Ra1 57. Kh3 1/2-1/2

[Event "Netanya Open 2019"]
[Site "Netanya"]
[Date "2019.07.02"]
[Round "9.28"]
[White "Nissim, Yonatan"]
[Black "Alexikov, Alexander"]
[Result "0-1"]
[ECO "E82"]
[WhiteElo "2082"]
[BlackElo "2234"]
[Annotator "NA"]
[PlyCount "70"]
[EventDate "2019.06.23"]
[EventType "swiss"]
[EventCountry "ISR"]
[SourceTitle "playchess.com"]
[Source "ChessBase"]
[SourceQuality "1"]
[TimeControl "40/5400+30:1800+30"]

1. d4 Nf6 2. c4 g6 3. f3 Bg7 4. e4 d6 5. Nc3 c5 6. Nge2 O-O 7. Be3 b6 8. d5 a6 9. a4 Nbd7 10. Nc1 Qc7 11. Be2 e6 12. O-O exd5 13. cxd5 Re8 14. Nd3 Bb7 15. Nf2 Rab8 16. f4 Nxe4 17. Ncxe4 f5 18. Qd2 fxe4 19. Bg4 Nf6 20. Be2 Kh8 21. Bc4 Bc8 22. Qe2 Qb7 23. Rfd1 b5 24. axb5 axb5 25. Bb3 h5 26. h3 Qd7 27. Ra5 Qf5 28. Ra7 h4 29. Bd2 Qh5 30. Qxh5+ Nxh5 31. Bc3 Bxc3 32. bxc3 Nxf4 33. Re1 e3 34. Ng4 Bxg4 35. hxg4 Nd3 0-1